 Dungeon Crawl Stone Soup version 0.24.0-41-g2ae2f7f1be (webtiles) character file.

Game seed: 10366394052023312946, levelgen mode: deterministic

56057 Goreval the Earth Mage (level 14, -1/90 HPs)
             Began as a Gargoyle Earth Elementalist on Dec 12, 2019.
             Was a High Priest of Vehumet.
             Slain by a dire elephant (18 damage)
             ... on level 5 of the Lair of Beasts.
             The game lasted 01:20:59 (22377 turns).

Goreval the Earth Mage (GrEE)                      Turns: 22377, Time: 01:21:00

Health: -1/90      AC: 30    Str: 11    XL:     14   Next: 80%
Magic:  25/25      EV:  9    Int: 22    God:    Vehumet [*****.]
Gold:   599        SH:  0    Dex: 10    Spells: 8/32 levels left

rFire    + . .     SeeInvis .   x - staff of earth
rCold    . . .     Gourm    .   (no shield)
rNeg     + . .     Faith    .   A - +6 scale mail of the Guardian {rF+}
rPois    ∞         Spirit   .   H - +2 hat
rElec    +         Reflect  .   t - +0 cloak
rCorr    +         Harm     .   q - +1 pair of gloves
MR       ++...                  W - +0 pair of boots {Fly}
Stlth    ..........             F - amulet of magic regeneration
HPRegen  0.25/turn              P - ring of protection from magic
MPRegen  0.44/turn              K - ring of resist corrosion

@: flying
A: big wings, low mp 1, negative energy resistance 1, electricity resistance,
unbreathing, petrification resistance, rot immunity, AC +10
a: Stop Flying, Renounce Religion


You were on level 5 of the Lair of Beasts.
You worshipped Vehumet.
Vehumet was extremely pleased with you.
You were near starving.

You visited 3 branches of the dungeon, and saw 18 of its levels.
You also visited: Volcano.

You collected 1124 gold pieces.
You spent 525 gold pieces at shops.

Inventory:

Hand Weapons
 a - a +2 dagger of electrocution
 b - a +1 scimitar
 z - a +2 whip of freezing
 X - a +2 demon whip of flaming
Missiles
 y - 135 stones (quivered)
Armour
 q - a +1 pair of gloves (worn)
 t - a +0 cloak (worn)
 w - a +1 robe of cold resistance
 A - the +6 scale mail of the Guardian (worn) {rF+}
   (You found it on level 8 of the Dungeon)

   It protects you from fire.
 H - a +2 hat (worn)
 W - a +0 pair of boots of flying (worn)
Magical Staves
 x - an uncursed staff of earth (weapon)
Jewellery
 n - an uncursed ring of protection from cold
 o - an uncursed ring of positive energy
 F - an amulet of magic regeneration (around neck)
 I - the amulet of Byapy {Reflect *Contam Int+5 SH+3}
   (You acquired it on level 3 of the Lair of Beasts)

   [amulet of reflection]

   It shields you and reflects attacks.
   It affects your intelligence (+5).
   It causes magical contamination when unequipped.
   It affects your SH (+3).
 K - a ring of resist corrosion (right hand)
 P - a ring of protection from magic (left hand)
 S - an uncursed ring of fire
Wands
 B - a wand of iceblast (18)
 J - a wand of digging (5)
 L - a wand of enslavement (26)
 Q - a wand of acid (10)
 T - a wand of polymorph (16)
Scrolls
 c - 7 scrolls of remove curse
 e - 4 scrolls of identify
 i - 7 scrolls of enchant armour
 j - 4 scrolls of fear
 p - 6 scrolls of enchant weapon
 s - 2 scrolls of blinking
 u - 10 scrolls of teleportation
 D - 2 scrolls of magic mapping
 R - 3 scrolls of acquirement
 Z - a scroll of silence
Potions
 f - a potion of cancellation
 g - 3 potions of lignification
 h - 3 potions of invisibility
 k - 7 potions of curing
 m - 5 potions of heal wounds
 r - 2 potions of flight
 v - 4 potions of magic
 C - 5 potions of might
 E - a potion of agility
 G - a potion of resistance
 M - 3 potions of brilliance
 N - 2 potions of haste
 O - a potion of berserk rage
 V - a potion of mutation
Comestibles
 d - 20 rations


   Skills:
 + Level 11.1 Fighting
 - Level 6.0 Armour
 - Level 2.0 Dodging
 - Level 2.1 Stealth
 + Level 9.9 Spellcasting
 + Level 11.1 Conjurations
 - Level 4.0 Hexes
 - Level 4.0 Translocations
   Level 0.7 Transmutations
 + Level 6.5 Fire Magic
 * Level 16.8 Earth Magic
 - Level 3.0 Evocations


You had 8 spell levels left.
You knew the following spells:

 Your Spells              Type           Power        Failure   Level  Hunger
a - Stone Arrow           Conj/Erth      ######       1%          3    None
b - Sandblast             Erth           ######       1%          1    None
c - Lee's Rapid Deconstr  Erth           #######...   1%          5    ####...
d - Sticky Flame          Conj/Fire      #####...     2%          4    ##.....
f - Bolt of Magma         Conj/Fire/Erth #######...   1%          5    ####...
l - Leda's Liquefaction   Hex/Erth       ######....   4%          4    ##.....
n - Blink                 Tloc           N/A          9%          2    None

Your spell library contained the following spells:

 Spells                   Type           Power        Failure   Level  Hunger
 Conjure Ball Lightning   Conj/Air       #####.....   71%         6    ######.
 Magic Dart               Conj           ####         1%          1    None
 Passwall                 Tmut/Erth      ######..     1%          2    None
 Conjure Flame            Conj/Fire      #####...     1%          3    None
 Inner Flame              Hex/Fire       ####....     2%          3    None
 Mephitic Cloud           Conj/Pois/Air  ####....     5%          3    None
 Apportation              Tloc           ####..       6%          1    None
 Corona                   Hex            ####...      6%          1    None
 Petrify                  Tmut/Erth      ######..     8%          4    ##.....
 Slow                     Hex            ####....     9%          2    None
 Lesser Beckoning         Tloc           ####......   17%         3    None
 Portal Projectile        Hex/Tloc       ####..       17%         3    None
 Tukima's Dance           Hex            ####....     17%         3    None
 Summon Butterflies       Summ           ##......     30%         1    None
 Call Imp                 Summ           ##......     41%         2    None
 Poisonous Vapours        Pois/Air       ##....       41%         2    None
 Cause Fear               Hex            ####......   50%         4    ##.....
 Freezing Cloud           Conj/Ice/Air   ####......   90%         6    ######.
 Alistair's Intoxication  Tmut/Pois      ##......     100%        5    ####...
 Invisibility             Hex            ####....     100%        6    ######.
 Ring of Flames           Chrm/Fire      ####......   100%        7    #######


Dungeon Overview and Level Annotations

Branches:
Dungeon (11/15)            Temple (1/1) D:6            Lair (6/6) D:8
  Swamp (0/4) Lair:2       Spider (0/4) Lair:4        Slime (0/5) Lair:6
    Orc (0/2) D:10        Volcano (visited)

Altars:
Ashenzari
Cheibriados
Dithmenos
Elyvilon
Fedhas
Gozag
Hepliaklqana
Kikubaaqudgha
Makhleb
Nemelex Xobeh
Okawaru
Qazlal
Ru
Sif Muna
Trog
Uskayaw
Vehumet
Wu Jian
Xom
Yredelemnul
Zin
The Shining One

Shops:
D:11 =!*

Portals:
Trove: D:11 (give 14 potions of heal wounds)

Annotations:
Lair:2 3 runed translucent doors, jaiteiro's ghost, journeyman FoFi


Innate Abilities, Weirdness & Mutations

You are resistant to torment.
Your stone body is resilient. (AC +10)
You are immune to poison.
Your large and strong wings let you fly indefinitely.
You resist negative energy. (rN+)
You are resistant to electric shocks. (rElec)
You can survive without breathing.
You are immune to petrification.
You are immune to rotting.
Your magical capacity is low. (-10% MP)


Message History

You feel a surge of power!
The bolt of magma hits the dire elephant!!
The bolt of magma hits the dire elephant!
The dire elephant tramples you!
* * * LOW HITPOINT WARNING * * *
You are shoved backwards!
There is an escape hatch in the ceiling here.
A mysterious force pulls you upwards. The hatch slams shut behind you.
Really fly into that dispersal trap?
You enter a dispersal trap!
The dire elephant blinks! x3
You blink.
You start resting.
The dire elephant tramples you!!
* * * LOW HITPOINT WARNING * * *
You hold your ground!
The dire elephant trunk-slaps you but does no damage.
Unknown command.
You are near starving!
The dire elephant tramples you!!
You die...

#......## #.....####....#.#
#......# ##....## #.....##
##.....# #.....###......#
#.....## ##......#.....###
.#....## #.....##.......#
#.....P# #P....#.......##
##.....# ##.....##......##
#.....## ##.......###.....#
#......## #.#P..@.###P....##
##......# ###...Y.##......##
##.....## #.....P.......P#
#.....P# #.............##
#..>..## ##............P#
#.....# #.............##
P.....########............##
P........P..#......##P.....#
..................####....##


You could see a dire elephant.

Vanquished Creatures
  Gastronok (D:8)
  2 entropy weavers (Lair:5)
  2 dire elephants (Lair:6)
  A fire dragon (Volcano)
  Fannar (Lair:2)
  10 hydras
  A catoblepas (Lair:6)
  An anaconda (Lair:6)
  2 two-headed ogres
  6 death yaks (Lair:6)
  A queen ant (Lair:5)
  2 lindwurms
  Pikel (D:6)
  A manticore (D:11)
  Joseph (D:8)
  3 black mambas
  9 elephants
  9 spiny frogs
  A rime drake (Lair:4)
  8 komodo dragons
  A tyrant leech (Lair:2)
  3 polar bears
  2 jumping spiders (Lair:4)
  15 blink frogs
  8 hippogriffs
  6 dream sheep (Lair:4)
  A vampire (D:9)
  A wyvern (D:11)
  7 fire bats (Volcano)
  20 yaks
  Grum (D:9)
  A hungry ghost (D:10)
  A basilisk (Lair:5)
  A steam dragon (Volcano)
  Menkaure (D:7)
  2 swamp worms (Lair:2)
  15 water moccasins
  19 soldier ants (Lair:5)
  3 hell hounds (Volcano)
  4 porcupines
  5 ice beasts
  A slave (D:6)
  An eye of draining (D:10)
  2 phantoms
  6 orc warriors
  A black bear (D:8)
  7 ogres
  10 wolves
  14 crocodiles
  2 centaurs
  The ghost of Baz the Sneak, an amateur OpEE (D:3)
  17 bullfrogs
  A water moccasin zombie (D:5)
  2 scorpions
  7 killer bees
  8 wights
  A vampire bat (Lair:6)
  3 howler monkeys
  An electric eel (Lair:1)
  A bullfrog zombie (D:11)
  2 crimson imps
  2 centaur zombies
  A quasit (D:8)
  5 hounds
  5 orc priests
  4 jellies
  3 centaur skeletons
  2 iguanas
  10 orc wizards
  31 worker ants
  A hound skeleton (D:4)
  A worker ant zombie (D:6)
  4 gnolls (D:7)
  13 adders
  5 shadow imps
  2 oozes
  A worm (D:3)
  A dart slug (D:1)
  5 leopard geckos
  40 orcs
  14 bats
  8 giant cockroaches
  3 goblins
  5 hobgoblins (D:1)
  6 jackals
  10 quokkas
  3 ball pythons
  A ball python skeleton (D:6)
  10 frilled lizards
  2 jackal skeletons
  7 kobolds
  A leopard gecko skeleton (D:4)
  2 quokka skeletons
  7 rats
  A fungus (Lair:5)
  3 plants (Lair:6)
487 creatures vanquished.

Vanquished Creatures (others)
  A bush (Lair:3)
  15 fungi
  11 plants
27 creatures vanquished.

Grand Total: 514 creatures vanquished

Notes
Turn   | Place    | Note
-------+----------+-------------------------------------------
     0 | D:1      | Goreval the Gargoyle Earth Elementalist began the quest for
                  | the Orb.
     0 | D:1      | Reached XP level 1. HP: 10/10 MP: 3/3
   110 | D:1      | Reached skill level 4 in Earth Magic
   118 | D:1      | Reached XP level 2. HP: 3/15 MP: 0/5
   937 | D:1      | Reached XP level 3. HP: 18/19 MP: 6/6
   966 | D:1      | Learned a level 3 spell: Stone Arrow
  1299 | D:2      | Found a shadowy altar of Dithmenos.
  1627 | D:2      | Found a faded altar of an unknown god.
  2363 | D:3      | Found a sacrificial altar of Ru.
  2423 | D:3      | Noticed Baz's ghost (amateur OpEE)
  2426 | D:3      | Found a runed translucent gate.
  2427 | D:3      | Found a runed translucent gate.
  2427 | D:3      | Found a runed translucent gate.
  2612 | D:3      | Reached skill level 5 in Earth Magic
  2612 | D:3      | Reached XP level 4. HP: 24/24 MP: 4/7
  2711 | D:3      | Reached skill level 1 in Conjurations
  3310 | D:3      | Killed Baz's ghost
  3310 | D:3      | Reached skill level 1 in Fighting
  3310 | D:3      | Reached XP level 5. HP: 29/29 MP: 4/9
  3386 | D:4      | Learned a level 5 spell: Lee's Rapid Deconstruction
  3597 | D:4      | Noticed an ogre
  3607 | D:4      | Killed an ogre
  3607 | D:4      | Reached skill level 6 in Earth Magic
  3607 | D:4      | Reached XP level 6. HP: 35/35 MP: 3/10
  3612 | D:4      | Noticed a phantom
  3640 | D:4      | Killed a phantom
  4037 | D:4      | Reached XP level 7. HP: 40/40 MP: 2/12
  4401 | D:4      | Reached skill level 7 in Earth Magic
  5041 | D:5      | Entered Level 5 of the Dungeon
  5551 | D:5      | Reached XP level 8. HP: 46/46 MP: 2/14
  5554 | D:5      | Reached skill level 8 in Earth Magic
  5750 | D:5      | Found a shattered altar of Ashenzari.
  5793 | D:5      | Found a shimmering blue altar of Sif Muna.
  5793 | D:5      | Found a glowing golden altar of the Shining One.
  5793 | D:5      | Found an iron altar of Okawaru.
  5794 | D:5      | Found a glowing silver altar of Zin.
  5795 | D:5      | Found a bloodstained altar of Trog.
  5796 | D:5      | Found a sparkling altar of Nemelex Xobeh.
  5797 | D:5      | Found a blossoming altar of Fedhas.
  5798 | D:5      | Found an opulent altar of Gozag.
  6037 | D:6      | Found a staircase to the Ecumenical Temple.
  6058 | Temple   | Entered the Ecumenical Temple
  6537 | D:6      | Reached skill level 9 in Earth Magic
  6718 | D:6      | Noticed Pikel
  6731 | D:6      | Killed Pikel
  6731 | D:6      | Reached skill level 5 in Fighting
  6731 | D:6      | Reached skill level 5 in Spellcasting
  6731 | D:6      | Reached skill level 5 in Conjurations
  6731 | D:6      | Reached XP level 9. HP: 46/54 MP: 6/16
  6948 | D:6      | Found a radiant altar of Vehumet.
  6953 | D:6      | Became a worshipper of Vehumet
  7242 | D:6      | Reached skill level 10 in Earth Magic
  7889 | D:7      | Noticed Menkaure
  7890 | D:7      | Killed Menkaure
  7975 | D:7      | Reached * piety under Vehumet
  7975 | D:7      | Offered knowledge of Freeze by Vehumet.
  8987 | D:8      | Found a staircase to the Lair.
  8989 | D:8      | Noticed Joseph
  8996 | D:8      | Killed Joseph
  8996 | D:8      | Reached skill level 11 in Earth Magic
  8996 | D:8      | Reached XP level 10. HP: 38/60 MP: 11/19
  9287 | D:8      | Noticed Gastronok
  9979 | D:8      | Killed Gastronok
  9979 | D:8      | Reached skill level 12 in Earth Magic
 10179 | D:8      | Got a scorched scale mail
 10669 | D:9      | Reached XP level 11. HP: 53/67 MP: 14/21
 10778 | D:9      | Noticed Grum
 10804 | D:8      | Reached ** piety under Vehumet
 10804 | D:8      | Offered knowledge of Sting by Vehumet.
 10866 | D:9      | Killed Grum
 11015 | D:9      | Reached skill level 13 in Earth Magic
 11380 | D:9      | Identified the +6 scale mail of the Guardian {rF+} (You
                  | found it on level 8 of the Dungeon)
 11603 | D:10     | Entered Level 10 of the Dungeon
 11655 | D:10     | Offered knowledge of Dazzling Spray by Vehumet.
 11663 | D:10     | Found a staircase to the Orcish Mines.
 11912 | D:10     | Reached skill level 1 in Armour
 12008 | D:10     | Reached skill level 1 in Evocations
 12323 | D:10     | Noticed a two-headed ogre
 12330 | D:10     | Killed a two-headed ogre
 12554 | D:11     | Reached *** piety under Vehumet
 12563 | D:11     | Learned a level 4 spell: Leda's Liquefaction
 12827 | D:11     | Noticed a manticore
 12831 | D:11     | Killed a manticore
 12871 | D:11     | Noticed a two-headed ogre
 12886 | D:11     | Killed a two-headed ogre
 12886 | D:11     | Reached skill level 1 in Hexes
 13000 | D:11     | Found Vypaneb's Jewellery Boutique.
 13009 | D:11     | Found Seagexid's Distillery.
 13017 | D:11     | Found Podor's Assorted Antiques.
 13025 | D:11     | Bought a potion of brilliance for 60 gold pieces
 13025 | D:11     | Bought a potion of heal wounds for 75 gold pieces
 13025 | D:11     | Bought a potion of haste for 150 gold pieces
 13025 | D:11     | Bought 2 potions of magic for 240 gold pieces
 13181 | D:11     | Offered knowledge of Sticky Flame by Vehumet.
 13224 | D:11     | Found a portal to a secret trove of treasure.
 13228 | D:11     | Noticed a five-headed hydra
 13242 | D:10     | Killed a five-headed hydra
 13415 | D:11     | Reached XP level 12. HP: 75/75 MP: 12/23
 13430 | D:11     | Learned a level 4 spell: Sticky Flame
 13827 | Lair:1   | Entered Level 1 of the Lair of Beasts
 13946 | Lair:1   | Reached skill level 1 in Fire Magic
 13951 | Lair:1   | Noticed a six-headed hydra
 13973 | D:8      | Reached **** piety under Vehumet
 14054 | D:8      | Killed a six-headed hydra
 14324 | Lair:1   | Reached skill level 14 in Earth Magic
 14588 | Lair:1   | Offered knowledge of Bolt of Magma by Vehumet.
 14595 | Lair:1   | Learned a level 5 spell: Bolt of Magma
 14804 | Lair:1   | Reached skill level 5 in Armour
 15216 | Lair:2   | Noticed Fannar
 15236 | Lair:2   | Killed Fannar
 15560 | Lair:2   | Found a runed translucent gate.
 15561 | Lair:2   | Found a runed translucent gate.
 15561 | Lair:2   | Found a runed translucent gate.
 15563 | Lair:2   | Noticed jaiteiro's ghost (journeyman FoFi)
 15631 | Lair:2   | Noticed an eight-headed hydra
 15638 | Lair:2   | Killed an eight-headed hydra
 15805 | Lair:2   | Found a staircase to the Swamp.
 16061 | Lair:2   | Learned a level 2 spell: Blink
 16285 | Lair:3   | Found a dark tunnel.
 16294 | Volcano  | Entered a volcano
 16377 | Volcano  | Reached skill level 1 in Translocations
 16568 | Volcano  | Reached XP level 13. HP: 76/80 MP: 21/25
 16568 | Volcano  | Noticed a fire dragon
 16569 | Volcano  | Reached ***** piety under Vehumet
 16576 | Volcano  | Offered knowledge of Airstrike by Vehumet.
 16582 | Volcano  | Killed a fire dragon
 17499 | Lair:3   | Identified a scroll of acquirement
 17500 | Lair:3   | Got a clouded lead amulet
 17502 | Lair:3   | Identified the amulet of Byapy {Reflect *Contam Int+5 SH+3}
                  | (You acquired it on level 3 of the Lair of Beasts)
 17580 | Lair:3   | Gained mutation: Your magical capacity is low. (-10% MP)
                  | [mutagenic glow]
 17624 | Lair:4   | Reached skill level 15 in Earth Magic
 18455 | Lair:4   | Found a hole to the Spider Nest.
 18706 | Lair:5   | Reached skill level 10 in Fighting
 18706 | Lair:5   | Reached skill level 10 in Conjurations
 19270 | Lair:5   | Noticed an entropy weaver
 19276 | Lair:5   | Killed an entropy weaver
 19366 | Lair:5   | Reached skill level 5 in Fire Magic
 19412 | Lair:5   | Noticed an entropy weaver
 19457 | Lair:5   | Killed an entropy weaver
 19457 | Lair:5   | Gained mutation: Your large and strong wings let you fly
                  | indefinitely. [Gargoyle growth]
 19457 | Lair:5   | Reached XP level 14. HP: 80/88 MP: 12/24
 20238 | Lair:6   | Entered Level 6 of the Lair of Beasts
 20243 | Lair:6   | Offered knowledge of Conjure Ball Lightning by Vehumet.
 20316 | Lair:6   | Reached skill level 16 in Earth Magic
 20455 | Lair:6   | Found a staircase to the Slime Pits.
 22211 | Lair:6   | Noticed a dire elephant
 22211 | Lair:6   | Noticed a dire elephant
 22233 | Lair:6   | Noticed a dire elephant
 22238 | Lair:6   | Noticed a dire elephant
 22245 | Lair:6   | Killed a dire elephant
 22245 | Lair:6   | Killed a dire elephant
 22250 | Lair:6   | Noticed a dire elephant
 22377 | Lair:5   | Slain by a dire elephant

Levels and vault maps discovered:
D:1:      lightli_arrival_noodles, layout_loops_cross
D:2:      layout_basic, chequers_ecumenical_altar_simple_redux,
          nicolae_dithmenos_shadow_blocks
D:3:      layout_basic, lemuel_doored_altar, ebering_ghost_rock_garden,
          first_ration, st_stairs_2
D:4:      minmay_bubble_buster, layout_loops_corners
D:5:      layout_basic, minitemple, basic_altar
D:6:      layout_basic, lemuel_crystal_altar, minmay_temple_entry_antechambers,
          kennysheep_generic_room_4, uniq_pikel
D:7:      layout_basic, uniq_menkaure
D:8:      layout_gridville, lair_entry_dummy, uniq_joseph, uniq_gastronok
D:9:      layout_small_grid, uniq_grum
D:10:     layout_basic, david_orc_2
D:11:     layout_stronghold, nicolae_trove_entry_crossroad, serial_shops, shop,
          kennysheep_mini, shop
Temple:   chequers_temple_sunken
Lair:1:   layout_small_grid, chequers_serial_rivers_small_b,
          infiniplex_staircase_pool, grunt_megastairs_1
Lair:2:   layout_regular_city, minmay_swamp_entry_worms,
          gammafunk_ghost_necromancy, uniq_fannar
Lair:3:   layout_loops_ring, enter_volcano_1, serial_bayou_lake_a
Lair:4:   layout_misc_corridors, spider_nest_entry_a,
          infiniplex_staircase_pool_2
Lair:5:   layout_long_grid, grunt_forest_small_clearings,
          small_statue_intersection, zaba_anthell, lemuel_fruit_fields
Lair:6:   due_jungle_book, layout_cave_pods, slime_dummy, lookout_lair_type,
          roderic_batcave

Skill      XL: |  1  2  3  4  5  6  7  8  9 10 11 12 13 14 |
---------------+-------------------------------------------+-----
Earth Magic    | 4 5 6 7 9 11 12 13 14 15 16 | 16.8
Conjurations   | 1 2 3 5 6 7 8 9 10 11 | 11.1
Fighting       | 1 2 3 5 6 7 8 9 10 11 | 11.1
Spellcasting   | 3 4 5 6 7 8 9 |  9.9
Dodging        | 2 |  2.0
Armour         | 3 6 |  6.0
Evocations     | 3 |  3.0
Hexes          | 2 4 |  4.0
Fire Magic     | 3 5 6 |  6.5
Translocations | 1 3 4 |  4.0
Stealth        | |  2.1
Transmutations | |  0.7

Action                   |  1- 3 |  4- 6 |  7- 9 | 10-12 | 13-15 || total
-------------------------+-------+-------+-------+-------+-------++-------
Melee: Unarmed           |    20 |       |       |       |       ||    20
       Club              |    19 |       |       |       |       ||    19
       Dagger            |    57 |    35 |    93 |       |       ||   185
       Scimitar          |       |       |     3 |       |       ||     3
       Staff             |       |       |       |    17 |    65 ||    82
 Cast: Sandblast         |    27 |    20 |    75 |    99 |    60 ||   281
       Stone Arrow       |     5 |    12 |    50 |   273 |   271 ||   611
       Lee's Rapid Decon |       |       |     5 |    11 |    23 ||    39
       Bolt of Magma     |       |       |       |     4 |    33 ||    37
       Leda's Liquefacti |       |       |       |     1 |     1 ||     2
       Blink             |       |       |       |       |     6 ||     6
       Sticky Flame      |       |       |       |       |     4 ||     4
 Abil: Stop Flying       |       |       |       |       |     1 ||     1
       Evoke Flight      |       |       |       |       |     1 ||     1
Evoke: Wand              |       |       |       |     1 |     5 ||     6
  Use: Scroll            |       |     8 |     3 |    15 |     8 ||    34
       Potion            |       |       |       |       |     2 ||     2
 Stab: Sleeping          |     3 |       |     1 |       |       ||     4
  Eat: Chunk             |     7 |     5 |    18 |    23 |    24 ||    77
       Ration            |       |       |     1 |     1 |     1 ||     3
Armor: Robe              |    62 |    17 |    34 |    20 |       ||   133
       Scale mail        |       |       |     4 |   134 |   190 ||   328
Dodge: Dodged            |    95 |    24 |    73 |   111 |    97 ||   400
       Rpst.: Scimitar   |       |       |     1 |       |       ||     1
